 Dungeon Crawl Stone Soup version 0.14-a0-2124-ga163777 (webtiles) character file.

127213 4tharraofdagon the Cleaver (level 16, -2/86 HPs)
             Began as a Vine Stalker Fighter on Jan 27, 2014.
             Was a High Priest of Makhleb.
             Slain by a deep troll earth mage (12 damage)
             ... on Level 5 of the Depths.
             The game lasted 02:16:39 (15100 turns).

4tharraofdagon the Cleaver (Vine Stalker Fighter)  Turns: 15100, Time: 02:16:40

HP  -2/86        AC 25     Str 23      XL: 16   Next: 97%
MP   0/32        EV 11     Int  7      God: Makhleb [*****.]
Gold 1342        SH  0     Dex 17      Spells:  4 memorised, 25 levels left

rFire  + . .     SeeInvis +     f - +7 dwarf battleaxe (vamp)
rCold  + + .     Clarity  .     i - +2 dwarf chain mail {rF+}
rNeg   . . .     Conserve +     (no shield)
rPois  +         rCorr    .     w - +1 elf hat
rElec  +         rRot     +     y - +2 cloak
SustAb . .       Spirit   +     b - +3 pair of gloves "Duybb" {Acc+5 SInv Stlth+ Curse}
rMut   .         Warding  .     Q - +1 pair of boots of Asunn {Acc+4}
Saprov . . .     Stasis   .     O - amulet of conservation
MR     +++..                    H - ring of poison resistance
                                E - ring "Xiappic" {+Blink rElec rC++ MR Int-1}

@: drained, extremely resistant to hostile enchantments, extremely unstealthy
A: claws 1, fangs 3, carnivore 1, fast metabolism 1, magic resistance 1,
regeneration 3, magic shield, antimagic bite, no device heal
a: Minor Destruction, Lesser Servant of Makhleb, Major Destruction, Greater
Servant of Makhleb, Renounce Religion, Evoke Blink


You were on level 5 of the Depths.
You worshipped Makhleb.
Makhleb was extremely pleased with you.
You were not hungry.

You visited 6 branches of the dungeon, and saw 36 of its levels.
You also visited: Labyrinth, Ossuary and Ice Cave.

You collected 2738 gold pieces.
You spent 1396 gold pieces at shops.

Inventory:

Hand weapons
 f - a +7,+7 dwarven vampiric battleaxe (weapon)
 l - a +2,+2 battleaxe of freezing
Missiles
 e - 12 darts (quivered)
Armour
 b - the +3 pair of gloves "Duybb" (worn) {Acc+5 SInv Stlth+ Curse}
   (You acquired it on level 8 of the Lair of Beasts)

   It affects your accuracy with ranged weapons and melee attacks (+5).
   It enhances your eyesight.
   It may recurse itself when equipped.
   It makes you much more stealthy.
 i - a +2 dwarven chain mail of fire resistance (worn)
 w - a +1 elven hat (worn)
 y - a +2 cloak (worn)
 I - a +0 gold dragon hide
 K - a +0 elven cloak
 Q - the +1 pair of boots of Asunn (worn) {Acc+4}
   (You acquired it on level 4 of the Lair of Beasts)

   It affects your accuracy with ranged weapons and melee attacks (+4).
Magical devices
 c - a wand of fire (8)
 n - a wand of cold (2)
Comestibles
 d - 8 bread rations
 r - 9 meat rations
 Z - a royal jelly
Scrolls
 m - 2 scrolls of recharging
 o - 4 scrolls of noise
 q - 15 scrolls of remove curse
 s - 2 scrolls of silence
 x - 9 scrolls of teleportation
 C - a scroll of magic mapping
 D - a scroll of enchant weapon II
 X - a scroll of fog
Jewellery
 a - an uncursed ring of protection from fire
 g - a cursed ring of teleportation
 j - an uncursed amulet of warding
 k - the amulet "Fretaul" {Faith -Tele +Rage +Fly rElec}
   (You found it on level 14 of the Dungeon)

   [amulet of faith]

   It insulates you from electricity.
   It lets you fly.
   It lets you go berserk.
   It prevents most forms of teleportation.
 p - the ring of Theodu Schou {Hunger rC+ Str+2 Stlth+}
   (You took it off Nikola on level 2 of the Depths)

   [ring of hunger]

   It affects your strength (+2).
   It protects you from cold.
   It makes you much more stealthy.
 E - the ring "Xiappic" (left hand) {+Blink rElec rC++ MR Int-1}
   (You found it in a labyrinth)

   [ring of protection from magic]

   It affects your intelligence (-1).
   It greatly protects you from cold.
   It insulates you from electricity.
   It lets you blink.
 H - a ring of poison resistance (right hand)
 M - a +3 ring of protection
 N - an uncursed ring of sustenance
 O - an amulet of conservation (around neck)
 R - an uncursed ring of wizardry
 S - an uncursed ring of flight
Potions
 h - a potion of invisibility
 u - 6 potions of brilliance
 v - 4 potions of speed
 A - a potion of restore abilities
 F - a potion of magic
 G - 7 potions of curing
 J - 3 potions of might
 L - 2 potions of resistance
 P - 4 potions of lignification
Magical staves
 Y - an uncursed staff of cold {unknown}
Miscellaneous
 B - a lantern of shadows
 T - a lamp of fire (inert)
 U - a disc of storms
 V - a fan of gales
 W - a plain deck of war {the Elixir}


   Skills:
 + Level 10.6(10.4) Fighting
 * Level 14.2(14.0) Axes
 + Level 10.0(9.8) Armour
 + Level 9.4(9.2) Dodging
   Level 2.6(2.4) Shields
 - Level 8.0(7.8) Spellcasting
 + Level 7.4(7.2) Translocations
 - Level 9.4(9.2) Invocations
 + Level 10.3(10.1) Evocations


You had 25 spell levels left.
You knew the following spells:

 Your Spells              Type           Power        Failure   Level  Hunger
a - Apportation           Tloc           ##........   12%         1    None
b - Summon Butterflies    Summ           #.......     99%         1    None
c - Cure Poison           Pois           #.........   100%        2    ##.....
d - Repel Missiles        Chrm/Air       #.........   100%        2    ##.....


Dungeon Overview and Level Annotations

Branches:
Dungeon (16/16)            Temple (1/1) D:6             Orc (4/4) D:12
    Elf (2/3) Orc:4          Lair (8/8) D:8           Swamp (0/5) Lair:6
  Snake (0/5) Lair:3        Slime (0/6) Lair:6       Vaults (0/5) D:15
 Depths (5/6) D:16

Altars:
Cheibriados
Dithmengos
Elyvilon
Fedhas
Makhleb
Nemelex Xobeh
Okawaru
Sif Muna
Trog
Vehumet
Xom
Yredelemnul
Zin
The Shining One

Shops:
D:11 ?   D:16 !   Orc:4 :=}?*   Depths:3 }

Portals:
Hell: Depths:2 Depths:3 Depths:4
Abyss: Depths:3 Depths:4
Pandemonium: Depths:3
Trove: Elf:1 (give 2 scrolls of acquirement)

Annotations:
Orc:4 exclusion: oklob plant


Innate Abilities, Weirdness & Mutations

You have razor-sharp teeth.
You regenerate.
When hurt, damage is shared between your health and your magic reserves.
Your bite disrupts and absorbs the magic of your enemies.
Potions and wands cannot restore your HP.
You have sharp fingernails.
Your digestive system is specialised to digest meat.
You have a fast metabolism.
You are resistant to hostile enchantments.


Message History

The deep troll earth mage barely misses you.
Unknown command.
Unknown command.
You slash the deep troll earth mage!
The deep troll earth mage is moderately wounded.
Your chain mail prevents you from hitting the deep troll.
You closely miss the deep troll earth mage.
The deep troll earth mage is severely wounded.
You slice the deep troll earth mage!!
You feel better.
The deep troll earth mage is severely wounded.
You slash the deep troll!
You feel better.
The deep troll is heavily wounded.
The deep troll bites you! The deep troll barely misses you.
The deep troll claws you!
* * * LOW HITPOINT WARNING * * *
The deep troll earth mage bites you!
* * * LOW HITPOINT WARNING * * *
The deep troll earth mage claws you but does no damage.
The deep troll earth mage claws you!
You die...

# #.## . #..#
.. #..# ..#
##..##..## #
........
##.#.....#
#....<...#####
#T@T.......
#.TTT..#####
#.#...##
#.#..... .
....### ##
#.#.# ..#..
######


You could see 2 deep trolls and 3 deep troll earth magi.

Vanquished Creatures
  2 golden dragons (Depths:2)
  A titan (Depths:2)
  A tengu reaver (Depths:2)
  A frost giant (Depths:2)
  A fire giant (Depths:3)
  The ghost of wojtek the Spry, a powerful KoAs of Dithmengos (Orc:4)
  5 stone giants
  4 ettins
  The ghost of Herrn the Fighter, a powerful DjFi of Okawaru (Orc:3)
  3 vault guards (D:15)
  2 fire dragons
  2 yaktaur captains
  Harold (Lair:6)
  A hydra (Depths:3)
  2 ice dragons
  A minotaur (Lab)
  Nessos (D:12)
  An anaconda (Depths:4)
  8 death yaks
  3 ogre magi
  An orc high priest (Depths:4)
  A rakshasa (Depths:3)
  2 tengu warriors (Depths:3)
  A catoblepas (Lair:6)
  2 naga warriors (Depths:3)
  3 centaur warriors
  3 very ugly things
  3 iron trolls
  3 unseen horrors
  4 skeletal warriors (D:16)
  Erolcha (D:8)
  A deep elf knight (Elf:1)
  A deep troll (shapeshifter) (Depths:2)
  A wizard (Depths:4)
  2 deep trolls
  A giant orange brain (Depths:4)
  Pikel (D:4)
  6 hill giants
  A deep elf conjurer (Elf:1)
  2 wolf spiders
  3 orc knights
  A harpy (Depths:4)
  A draconian (shapeshifter) (Depths:2)
  A griffon (Lair:8)
  6 black mambas
  20 elephants
  A cyclops (D:13)
  2 eyes of devastation (Depths:4)
  A guardian serpent (Depths:1)
  A feature mimic (D:14)
  10 spiny frogs
  A titan simulacrum (Depths:3)
  A komodo dragon (shapeshifter) (Depths:3)
  5 two-headed ogres
  2 fire drakes
  11 yaktaurs
  An efreet (Depths:4)
  6 komodo dragons
  4 trolls
  4 blink frogs (Lair:7)
  3 polar bears (Depths:4)
  A spriggan (D:8)
  17 slime creatures
  A red wasp zombie (D:16)
  2 giant leeches (Lair:8)
  A stone giant simulacrum (Depths:3)
  The ghost of Kae the Sneak, an average SpEn (D:4)
  A raven (shapeshifter) (Depths:3)
  2 boulder beetles
  3 shadows
  A redback (Depths:4)
  23 ugly things
  A vampire (D:16)
  2 grizzly bears (D:10)
  4 deep elf magi
  A hill giant zombie (D:8)
  An elephant slug (Lair:8)
  4 sharks (Elf:1)
  A clay golem (D:16)
  A wraith (D:12)
  24 yaks
  7 hippogriffs
  A hungry ghost (D:12)
  3 deep elf fighters (Elf:1)
  Edmund (Orc:1)
  Menkaure (D:4)
  8 vampire mosquitoes
  An agate snail zombie (D:15)
  4 ice beasts
  A swamp drake (D:12)
  4 manticores
  7 porcupines
  13 orc warriors
  2 deep dwarves (Depths:3)
  2 giant goldfish
  3 kobold demonologists (Depths:4)
  2 sky beasts
  A naga (shapeshifter) (Depths:1)
  2 nagas (Depths:3)
  3 phantoms
  16 ogres
  3 slaves (D:4)
  8 centaurs
  3 tengu (Depths:3)
  A rotting devil (Depths:4)
  17 crocodiles
  2 giant frogs (shapeshifter)
  2 big kobolds
  5 water moccasins
  4 giant slugs
  Blork the orc (D:4)
  18 giant frogs
  4 agate snails
  A gnoll sergeant (D:9)
  A human simulacrum (Depths:3)
  A manticore skeleton (D:7)
  16 killer bees
  7 jellyfish
  2 eyes of draining
  7 wights
  6 electric eels
  2 centaur zombies
  2 goliath beetles
  A boring beetle zombie (D:15)
  A giant frog zombie (D:6)
  A hippogriff skeleton (D:13)
  9 bog bodies (Ossuary)
  7 crimson imps
  22 orc priests
  A yellow wasp zombie (D:12)
  2 quasits
  6 worker ants
  5 jellies
  5 iguanas
  2 scorpions
  7 hounds
  22 orc wizards
  4 big fish
  7 orange rats (Lair:5)
  6 sheep (Lair:2)
  Ijyb (D:2)
  An ogre zombie (Ossuary)
  2 hound zombies
  Terence (D:2)
  4 boggarts
  7 mummies
  A worker ant zombie (Ossuary)
  13 gnolls
  A lemure (Depths:4)
  18 adders
  3 giant centipedes
  2 inept feature mimics
  6 white imps
  21 green rats
  A shadow imp (Depths:4)
  A giant mite (Lair:6)
  3 worms
  2 ufetubi (IceCv)
  An adder zombie (Ossuary)
  A scorpion zombie (D:7)
  An adder skeleton (D:4)
  4 orc zombies
  3 giant eyeballs
  A giant gecko (Lair:6)
  3 oozes
  165 orcs
  A bat zombie (Ossuary)
  A giant cockroach (D:1)
  20 goblins
  12 hobgoblins
  20 jackals
  6 quokkas
  4 ball pythons
  18 bats
  10 giant newts
  A giant spore (D:10)
  A gnoll skeleton (D:8)
  An illusory rakshasa (Depths:3)
  16 kobolds
  A kobold zombie (Ossuary)
  11 rats
  2 rat skeletons
  A rat zombie (Ossuary)
  2 ballistomycetes (D:10)
  5 fungi
  10 plants
972 creatures vanquished.

Vanquished Creatures (collateral kills)
  Nikola (Depths:2)
  A lich (Depths:2)
  A sphinx (Depths:2)
  6 hydras
  An ogre mage (Depths:2)
  3 orc high priests (Orc:4)
  A fire crab (Depths:4)
  2 orc knights (Orc:4)
  A deep elf conjurer (Depths:4)
  3 orc sorcerers (Orc:4)
  2 elephants (Depths:4)
  6 spiny frogs
  An orange demon (Orc:4)
  An orb spider (shapeshifter) (Depths:2)
  3 two-headed ogres (Depths:2)
  4 blink frogs (Lair:8)
  2 slime creatures
  2 sharks (Lair:8)
  A wyvern (Lair:8)
  3 vampire mosquitoes (Lair:8)
  2 giant goldfish (Lair:8)
  An elephant zombie (Depths:4)
  4 orc warriors (Orc:4)
  An ogre (Depths:2)
  A phantom (D:13)
  A boring beetle (Lair:8)
  A warg (Orc:4)
  3 giant frogs (Lair:8)
  A jellyfish (Lair:8)
  2 yak skeletons (Orc:4)
  An electric eel (Lair:8)
  An orc priest (Orc:4)
  5 green rats (Lair:8)
  An orc zombie (Orc:4)
  2 quokkas
  2 rat skeletons (Orc:4)
74 creatures vanquished.

Vanquished Creatures (others)
  2 Executioners
  A balrug (Depths:3)
  A blizzard demon (Orc:4)
  A hill giant (D:13)
  A smoke demon (Lair:6)
  A fire elemental (Depths:4)
  A ynoxinul (Depths:2)
  A deep dwarf (Depths:3)
  A naga (Depths:3)
  A white imp (IceCv)
  2 ufetubi (IceCv)
  2 orcs
  A bat (Lair:6)
  8 rat skeletons (Orc:4)
  A briar patch (Depths:4)
  2 plants
27 creatures vanquished.

Grand Total: 1073 creatures vanquished

Notes
Turn   | Place    | Note
--------------------------------------------------------------
     0 | D:1      | 4tharraofdagon, the Vine Stalker Fighter, began the quest for the Orb.
     0 | D:1      | Reached XP level 1. HP: 11/11 MP: 1/1
    91 | D:1      | Reached XP level 2. HP: 14/16 MP: 3/3
   207 | D:2      | Noticed Ijyb
   222 | D:2      | Noticed Terence
   409 | D:2      | Killed Ijyb
   409 | D:2      | Reached XP level 3. HP: 16/19 MP: 4/4
   425 | D:2      | Killed Terence
   425 | D:2      | Reached skill level 3 in Axes
   425 | D:2      | Reached XP level 4. HP: 14/23 MP: 5/5
   603 | D:3      | Found a glowing golden altar of the Shining One.
   616 | D:3      | Reached skill level 1 in Dodging
   621 | D:3      | Found an iron altar of Okawaru.
   661 | D:3      | Reached XP level 5. HP: 28/28 MP: 7/7
   930 | D:3      | Gained mutation: You heal very quickly. [vine stalker growth]
   930 | D:3      | Reached XP level 6. HP: 32/32 MP: 8/8
  1206 | D:4      | Reached skill level 4 in Axes
  1223 | D:4      | Noticed Pikel
  1251 | D:4      | Killed Pikel
  1251 | D:4      | Reached skill level 5 in Axes
  1251 | D:4      | Reached XP level 7. HP: 8/37 MP: 2/9
  1268 | D:4      | Found a staircase to the Ecumenical Temple.
  1269 | D:4      | Noticed Kae's ghost (average SpEn)
  1283 | D:4      | the staircase to the Ecumenical Temple was a mimic.
  1310 | D:4      | Killed Kae's ghost
  1310 | D:4      | Gained mutation: You have razor-sharp teeth. [vine stalker growth]
  1310 | D:4      | Reached XP level 8. HP: 14/42 MP: 2/11
  1395 | D:4      | Noticed Blork the orc
  1405 | D:4      | Killed Blork the orc
  1422 | D:4      | Noticed Menkaure
  1428 | D:4      | Killed Menkaure
  1428 | D:4      | Reached skill level 6 in Axes
  1513 | D:5      | Entered Level 5 of the Dungeon
  1560 | D:5      | Paralysed by a giant eyeball for 2 turns
  2068 | D:6      | Found a staircase to the Ecumenical Temple.
  2113 | Temple   | Entered the Ecumenical Temple
  2135 | Temple   | Became a worshipper of Makhleb the Destroyer
  2245 | D:7      | Found a sand-covered staircase.
  2295 | D:7      | Reached skill level 5 in Fighting
  2307 | D:7      | Reached skill level 1 in Evocations
  2307 | D:7      | Reached XP level 9. HP: 36/47 MP: 11/13
  2319 | Ossuary  | Entered an ossuary
  2345 | Ossuary  | Reached skill level 5 in Armour
  2357 | Ossuary  | Acquired Makhleb's first power
  2461 | Ossuary  | Reached skill level 7 in Axes
  2733 | D:7      | Acquired Makhleb's second power
  2763 | D:7      | Gained mutation: You have a fast metabolism. [potion of mutation]
  2763 | D:7      | Gained mutation: Your digestive system is specialised to digest meat. [potion of mutation]
  2763 | D:7      | Gained mutation: You have sharp fingernails. [potion of mutation]
  3016 | D:7      | Found a snail-covered altar of Cheibriados.
  3354 | D:8      | Reached skill level 8 in Axes
  3375 | D:8      | Found a staircase to the Lair.
  3377 | D:8      | Noticed a komodo dragon
  3489 | D:9      | Reached XP level 10. HP: 53/53 MP: 18/18
  3538 | D:8      | Noticed Erolcha
  3540 | D:8      | Noticed a spriggan baker
  3559 | D:9      | Acquired Makhleb's third power
  3749 | D:9      | Reached skill level 1 in Invocations
  3884 | D:10     | Entered Level 10 of the Dungeon
  3915 | D:10     | Acquired Makhleb's fourth power
  3938 | D:10     | Noticed a hill giant
  3959 | D:10     | Killed a hill giant
  3959 | D:10     | Reached skill level 5 in Dodging
  4400 | D:11     | Noticed a hill giant
  4416 | D:11     | Killed a hill giant
  4416 | D:11     | Reached skill level 9 in Axes
  4480 | D:12     | Noticed a six-headed hydra
  4697 | D:13     | Noticed a cyclops
  4715 | D:13     | Killed a cyclops
  4715 | D:13     | Reached XP level 11. HP: 50/58 MP: 21/21
  4919 | D:12     | Noticed Nessos
  4932 | D:12     | Killed Nessos
  5001 | D:12     | Acquired Makhleb's fifth power
  5049 | D:12     | Reached skill level 5 in Evocations
  5245 | D:14     | Noticed a hill giant
  5254 | D:14     | Killed a hill giant
  5616 | D:11     | Reached skill level 10 in Axes
  5645 | D:11     | Found Fruapig's Magic Scroll Shoppe.
  5657 | D:11     | Bought 2 scrolls of teleportation for 60 gold pieces
  5657 | D:11     | Bought a scroll of blinking for 55 gold pieces
  5657 | D:11     | Bought a scroll of enchant weapon I for 55 gold pieces
  5657 | D:11     | Bought 3 scrolls of enchant weapon II for 165 gold pieces
  5657 | D:11     | Bought a scroll of curse jewellery for 20 gold pieces
  5657 | D:11     | Bought a scroll of curse weapon for 20 gold pieces
  5657 | D:11     | Bought a scroll of silence for 75 gold pieces
  5657 | D:11     | Bought a scroll of remove curse for 30 gold pieces
  5805 | D:10     | Found a bloodstained altar of Trog.
  5974 | D:8      | Killed a komodo dragon
  5988 | D:8      | Killed a spriggan baker
  6011 | Lair:1   | Entered Level 1 of the Lair of Beasts
  6169 | Lair:1   | Identified a scroll of acquirement
  6344 | Lair:1   | Noticed a four-headed hydra
  6376 | Lair:1   | Killed a four-headed hydra
  6376 | Lair:1   | Gained mutation: You regenerate. [vine stalker growth]
  6376 | Lair:1   | Reached XP level 12. HP: 44/64 MP: 19/23
  6640 | Lair:2   | Reached skill level 1 in Spellcasting
  6673 | Lair:3   | Found a staircase to the Snake Pit.
  6682 | Lair:3   | HP: 3/64 [poisoned by a black mamba]
  6861 | Lair:3   | Reached skill level 5 in Invocations
  7089 | Lair:4   | Found a frozen archway.
  7098 | IceCv    | Entered an ice cave
  7288 | Lair:5   | Reached skill level 11 in Axes
  7421 | Lair:6   | Found a labyrinth entrance.
  7444 | Lab      | Entered a labyrinth
  8258 | Lab      | Noticed a minotaur
  8266 | Lab      | Killed a minotaur
  8278 | Lab      | Got a warped tin ring
  8279 | Lab      | Identified the ring "Xiappic" {+Blink rElec rC++ MR Int-1} (You found it in a labyrinth)
  8312 | Lair:6   | Learned a level 1 spell: Apportation
  8314 | Lair:6   | Learned a level 1 spell: Summon Butterflies
  8317 | Lair:6   | Learned a level 2 spell: Cure Poison
  8385 | Lair:6   | Noticed a death yak
  8385 | Lair:6   | Noticed a death yak
  8386 | Lair:6   | Noticed a death yak
  8387 | Lair:6   | Noticed a death yak
  8387 | Lair:6   | Noticed a death yak
  8394 | Lair:6   | Killed a death yak
  8408 | Lair:6   | Killed a death yak
  8408 | Lair:6   | Reached XP level 13. HP: 53/69 MP: 14/25
  8409 | Lair:6   | Killed a death yak
  8409 | Lair:6   | Reached skill level 1 in Translocations
  8412 | Lair:6   | Killed a death yak
  8414 | Lair:6   | Killed a death yak
  8491 | Lair:6   | Noticed Harold
  8507 | Lair:6   | Killed Harold
  8549 | Lair:6   | Found a staircase to the Slime Pits.
  8564 | Lair:6   | Gained mutation: You are resistant to hostile enchantments. [potion of beneficial mutation]
  8610 | Lair:6   | Found a staircase to the Swamp.
  8940 | Lair:8   | Entered Level 8 of the Lair of Beasts
  9186 | Lair:8   | Reached skill level 12 in Axes
  9350 | Lair:8   | Got a pair of crude gloves
  9355 | Lair:8   | Identified the +3 pair of gloves "Duybb" {Acc+5 SInv Stlth+ Curse} (You acquired it on level 8 of the Lair of Beasts)
  9426 | Lair:8   | Reached XP level 14. HP: 74/74 MP: 27/27
  9641 | Lair:7   | Reached skill level 5 in Spellcasting
 10072 | Lair:4   | Got a pair of transparent boots
 10077 | Lair:4   | Identified the +1 pair of boots of Asunn {Acc+4} (You acquired it on level 4 of the Lair of Beasts)
 10325 | D:8      | Killed Erolcha
 10635 | D:12     | Found a staircase to the Orcish Mines.
 10674 | Orc:1    | Entered Level 1 of the Orcish Mines
 10843 | Orc:1    | Noticed Edmund
 10850 | Orc:1    | Killed Edmund
 11114 | Orc:3    | Noticed Herrn's ghost (powerful DjFi)
 11127 | Orc:3    | Killed Herrn's ghost
 11245 | Orc:4    | Entered Level 4 of the Orcish Mines
 11264 | Orc:4    | Found a staircase to the Elven Halls.
 11281 | Orc:4    | Found Rusot's General Store.
 11290 | Orc:4    | Bought an uncursed amulet of inaccuracy for 32 gold pieces
 11471 | Orc:4    | Noticed wojtek's ghost (powerful KoAs)
 11671 | Orc:4    | wtf
 11728 | Orc:4    | Killed wojtek's ghost
 11953 | Orc:4    | Found Fuekhla's Book Emporium.
 11954 | Orc:4    | Found Katheaha's Magic Scroll Shop.
 11962 | Orc:4    | Found Yrozaony's Jewellery Emporium.
 11964 | Orc:4    | Found Isuoj's Gadget Shop.
 11975 | Orc:4    | Bought a scroll of magic mapping for 49 gold pieces
 11975 | Orc:4    | Bought a scroll of identify for 28 gold pieces
 11975 | Orc:4    | Bought a scroll of identify for 28 gold pieces
 11975 | Orc:4    | Bought a scroll of enchant weapon I for 77 gold pieces
 11975 | Orc:4    | Bought a scroll of identify for 28 gold pieces
 11985 | Orc:4    | Bought an uncursed ring of poison resistance for 260 gold pieces
 11985 | Orc:4    | Bought a cursed ring of hunger for 26 gold pieces
 12006 | Orc:4    | Bought a book of Minor Magic for 220 gold pieces
 12012 | Orc:4    | Learned a level 2 spell: Repel Missiles
 12077 | Elf:1    | Entered Level 1 of the Elven Halls
 12155 | Elf:1    | Found a portal to a secret trove of treasure.
 12542 | D:14     | Got a steaming bronze amulet
 12543 | D:14     | Identified the amulet "Fretaul" {Faith -Tele +Rage +Fly rElec} (You found it on level 14 of the Dungeon)
 12556 | D:15     | Entered Level 15 of the Dungeon
 12753 | D:15     | Reached XP level 15. HP: 79/79 MP: 29/29
 12774 | D:15     | Found a gate to the Vaults.
 12851 | D:16     | Entered Level 16 of the Dungeon
 12852 | D:16     | Found Klarrez's Distillery.
 12879 | D:16     | Bought a potion of might for 40 gold pieces
 12879 | D:16     | Bought a potion of might for 40 gold pieces
 12879 | D:16     | Bought a potion of lignification for 48 gold pieces
 12879 | D:16     | Bought a potion of might for 40 gold pieces
 13083 | D:16     | Reached skill level 13 in Axes
 13110 | D:16     | Reached skill level 5 in Translocations
 13270 | D:16     | Found a staircase to the Depths.
 13296 | Depths:1 | Entered Level 1 of the Depths
 13383 | Depths:2 | Noticed a golden dragon
 13401 | Depths:2 | Killed a golden dragon
 13482 | Depths:2 | Noticed a golden dragon
 13491 | Depths:2 | Killed a golden dragon
 13536 | Depths:2 | Noticed a titan
 13554 | Depths:2 | Killed a titan
 13554 | Depths:2 | Reached skill level 10 in Fighting
 13586 | Depths:2 | Noticed a tengu reaver
 13588 | Depths:2 | Noticed a frost giant
 13596 | Depths:2 | Killed a tengu reaver
 13600 | Depths:2 | Killed a frost giant
 13678 | Depths:2 | Noticed Nikola
 13710 | Depths:2 | Reached XP level 16. HP: 85/85 MP: 22/31
 13768 | Depths:2 | Noticed a lich
 13775 | Depths:2 | Killed a lich
 13777 | Depths:2 | Noticed a sphinx
 13788 | Depths:2 | Killed a sphinx
 13839 | Depths:2 | Killed Nikola
 13842 | Depths:2 | Got an ancient bone ring
 13861 | Depths:2 | Identified the ring of Theodu Schou {Hunger rC+ Str+2 Stlth+} (You took it off Nikola on level 2 of the Depths)
 13965 | Depths:2 | Found a gateway to Hell.
 14213 | Depths:3 | Found Lotuyd's Gadget Emporium.
 14327 | Depths:3 | Reached skill level 10 in Evocations
 14577 | Depths:3 | Found a one-way gate to the infinite horrors of the Abyss.
 14591 | Depths:3 | Reached skill level 14 in Axes
 14627 | Depths:3 | Found a one-way gate leading to the halls of Pandemonium.
 14996 | Depths:4 | Reached skill level 10 in Armour
 15004 | Depths:4 | Noticed a golden dragon
 15004 | Depths:4 | Noticed a thorn hunter
 15007 | Depths:4 | Paralysed by a giant eyeball for 2 turns
 15010 | Depths:4 | Noticed a sphinx
 15010 | Depths:4 | an iron troll changed into a sphinx
 15100 | Depths:5 | Slain by a deep troll earth mage

Action                   |  1- 3 |  4- 6 |  7- 9 | 10-12 | 13-15 | 16-18 || total
-------------------------+-------+-------+-------+-------+-------+-------++-------
Melee: Hand axe          |   107 |    93 |       |       |       |       ||   200
       War axe           |       |    57 |   294 |   375 |       |       ||   726
       Battleaxe         |       |       |       |   248 |  1012 |   269 ||  1529
Throw: Dart              |       |       |       |     1 |       |       ||     1
Invok: Lesser Servant of |       |       |       |     4 |     1 |       ||     5
       Greater Servant o |       |       |       |     1 |     3 |     4 ||     8
       Major Destruction |       |       |       |       |       |     2 ||     2
       Minor Destruction |       |       |       |       |       |     1 ||     1
 Abil: Evoke Berserk Rag |       |       |       |       |     1 |       ||     1
Evoke: Wand              |       |       |     5 |     9 |     3 |       ||    17
       Lamp of fire      |       |       |       |       |       |     1 ||     1
  Use: Scroll            |     2 |       |     8 |    29 |    17 |     9 ||    65
       Potion            |       |       |     1 |     7 |     6 |     4 ||    18
 Stab: Distracted        |       |       |       |     1 |     3 |     2 ||     6
       Paralysed         |       |       |       |     3 |       |       ||     3
       Invisible         |       |       |       |       |       |     1 ||     1
